 Dungeon Crawl Stone Soup version 0.32-a0-450-g080537f31e (webtiles) character file.

Game seed: 13587066459791406301

14035 pokeman the Eclecticist (level 11, -7/63 HPs)
             Began as a Deep Elf Hedge Wizard on Feb 23, 2024.
             Was a Priest of Vehumet.
             Shot with an arrow by a centaur warrior (15 damage)
             ... on level 11 of the Dungeon.
             The game lasted 00:28:02 (11686 turns).

pokeman the Eclecticist (Deep Elf Hedge Wizard)    Turns: 11686, Time: 00:28:02

Health: -7/63      AC: 13    Str:  7    XL:     11   Next: 83%
Magic:  24/33      EV: 11    Int: 27    God:    Vehumet [***...]
Gold:   500        SH:  5    Dex: 14    Spells: 28/42 levels left

rFire   + . .        E - +12 falchion of Arbitration {venom, Will- Int+3}
rCold   . . .        (no shield)
rNeg    . . .        t - +0 acid dragon scales
rPois   +            c - +0 hat
rElec   .            (no cloak)
rCorr   +            a - +0 pair of gloves
SInv    .            G - +0 pair of boots of Vexation {^Drain rF+ Will+}
Will    +....        H - amulet of reflection
Stlth   ++           D - +4 ring of protection
HPRegen 0.30/turn    B - ring of poison resistance
MPRegen 0.23/turn

%: reflection
@: no status effects
A: no striking features
a: Renounce Religion


You were on level 11 of the Dungeon.
You worshipped Vehumet.
Vehumet was most pleased with you.
You visited 2 branches of the dungeon, and saw 12 of its levels.
You also visited: Sewer.

You collected 702 gold pieces.
You spent 202 gold pieces at shops.

Inventory:

Hand Weapons
 E - the +12 falchion of Arbitration (weapon) {venom, Will- Int+3}
   (You found it on level 4 of the Dungeon)

   Int+3:     It affects your intelligence (+3).
   Will-:     It decreases your willpower.
Missiles
 y - a curare-tipped dart
Armour
 a - a +0 pair of gloves (worn)
 c - a +0 hat (worn)
 t - +0 acid dragon scales (worn)
 G - the +0 pair of boots of Vexation (worn) {^Drain rF+ Will+}
   (You found it on level 5 of the Dungeon)

   rF+:       It protects you from fire.
   Will+:     It increases your willpower.
   ^Drain:    It drains your maximum health when unequipped.
Jewellery
 g - a ring of resist corrosion
 h - a ring of fire
 m - a +5 ring of evasion
 B - a ring of poison resistance (right hand)
 D - a +4 ring of protection (left hand)
 H - an amulet of reflection (around neck)
 Q - an amulet of faith
 S - an amulet of guardian spirit
Wands
 b - a wand of quicksilver (7)
 k - a wand of charming (11)
 z - a wand of flame (27)
 J - a wand of mindburst (6)
Scrolls
 e - 2 scrolls of enchant armour
 f - 3 scrolls of noise
 l - 2 scrolls of silence
 o - 3 scrolls of vulnerability
 q - a scroll of brand weapon
 w - 2 scrolls of summoning
 x - a scroll of revelation
 C - 7 scrolls of teleportation
 K - a scroll of fog
 L - a scroll of poison
 N - a scroll of fear
 O - 2 scrolls of enchant weapon
 P - a scroll of blinking
Potions
 d - 3 potions of magic
 i - 2 potions of cancellation {unknown}
 j - a potion of mutation {unknown}
 n - 2 potions of invisibility {unknown}
 p - 5 potions of berserk rage {unknown}
 r - 3 potions of enlightenment {unknown}
 s - 6 potions of curing
 u - 7 potions of heal wounds
 v - 3 potions of resistance {unknown}
 A - 3 potions of haste {unknown}
 F - a potion of attraction {unknown}
 M - a potion of lignification {unknown}
 R - a potion of brilliance {unknown}


   Skills:
 - Level 5.0 Fighting
 - Level 3.1 Armour
 - Level 3.0 Dodging
 - Level 3.0 Stealth
 + Level 3.2 Shields
 * Level 16.2 Spellcasting
 + Level 9.5 Conjurations
 - Level 1.1 Summonings
 - Level 1.1 Translocations
 + Level 8.9 Ice Magic
 - Level 1.0 Air Magic
 - Level 1.1 Alchemy
 - Level 1.2 Evocations


You had 28 spell levels left.
You knew the following spells:

 Your Spells              Type           Power      Damage    Failure   Level
a - Magic Dart            Conj           100%       1d8       1%          1
b - Mephitic Cloud        Conj/Alch/Air  43%        N/A       1%          3
c - Call Imp              Summ           54%        N/A       4%          2
d - Blink                 Tloc           54%        N/A       4%          2
e - Hailstorm             Conj/Ice       64%        3d12      1%          3
f - Summon Ice Beast      Ice/Summ       49%        N/A       1%          3

Your spell library contained the following spells:

 Spells                   Type           Power      Damage    Failure   Level
 Brom's Barrelling Bould  Conj/Erth      47%        2d6       1%          4
 Ensorcelled Hibernation  Hex/Ice        92%        N/A       1%          2
 Dazzling Flash           Conj/Hex       94%        N/A       1%          3
 Necrotise                Necr           84%        1d8       4%          1
 Slow                     Hex            84%        N/A       4%          1
 Cigotuvi's Dreadful Rot  Necr/Alch/Air  50%        N/A       4%          2
 Call Canine Familiar     Summ           27%        N/A       8%          3
 Confusing Touch          Hex            21%        N/A       12%         3
 Fugue of the Fallen      Necr           21%        N/A       12%         3
 Sigil of Binding         Hex            21%        N/A       12%         3
 Tukima's Dance           Hex            21%        N/A       12%         3
 Vampiric Draining        Necr           21%        2d7       12%         3
 Yara's Violent Unravell  Hex/Alch       12%        3d7       22%         5
 Passage of Golubria      Tloc           27%        N/A       26%         4
 Dimensional Bullseye     Hex/Tloc       12%        N/A       32%         4
 Martyr's Knell           Necr/Summ      24%        N/A       32%         4
 Anguish                  Hex/Necr       10%        N/A       38%         4
 Sculpt Simulacrum        Ice/Alch       24%        N/A       61%         6
 Silence                  Hex/Air        12%        N/A       65%         5
 Summon Mana Viper        Hex/Summ       24%        N/A       65%         5
 Curse of Agony           Necr           21%        N/A       75%         5
 Monstrous Menagerie      Summ           13%        N/A       100%        7


Dungeon Overview and Level Annotations

Branches:
Dungeon (11/15)            Temple (1/1) D:5            Lair (0/5) D:8
  Sewer (visited)
    Orc: D:9-12

Altars:
Ashenzari
Cheibriados
Dithmenos
Elyvilon
Fedhas
Gozag
Hepliaklqana
Kikubaaqudgha
Makhleb
Nemelex Xobeh
Okawaru
Qazlal
Ru
Sif Muna
Trog
Uskayaw
Vehumet
Wu Jian
Xom
Yredelemnul
Zin
The Shining One

Shops:
D:4 *:(=[   D:6 [   D:7 !


Message History

Aiming: Mephitic Cloud (safe; 1% risk of failure)
Press: ? - help, Shift-Dir - straight line, f - centaur warrior
Aim: a centaur warrior, wielding a +2 orcbow of flaming (chance to affect: 53%)
The ball explodes into a vile cloud!
The stinking cloud engulfs the centaur warrior.
The stinking cloud engulfs your ice beast.
The stinking cloud engulfs the centaur warrior.
The centaur warrior is engulfed in noxious fumes.
The centaur warrior shoots an arrow.
The arrow hits you! The arrow burns you.
The centaur warrior is engulfed in noxious fumes.
The centaur warrior shoots an arrow.
The arrow hits you!
* * * LOW HITPOINT WARNING * * *
The arrow burns you.
* * * LOW HITPOINT WARNING * * *
The rakshasa weaves an illusion.
The centaur warrior shimmers and seems to become two!
Your ice beast hits the rakshasa but does no damage.
Unknown command.
Casting: Mephitic Cloud (safe; 1% risk of failure)
Confirm with . or Enter, or press ? or * to list all spells.
Aiming: Mephitic Cloud (safe; 1% risk of failure)
Press: ? - help, Shift-Dir - straight line, f - centaur warrior
Aim: a centaur warrior, wielding a +2 orcbow of flaming (chance to affect: 53%)
The ball explodes into a vile cloud!
The stinking cloud engulfs the centaur warrior. x2
The centaur warrior is engulfed in noxious fumes.
The centaur warrior shoots an arrow.
The arrow barely misses you.
The centaur warrior is engulfed in noxious fumes.
The centaur warrior appears confused.
The centaur warrior unwields a +2 orcbow of flaming.
It stops flaming.
The centaur warrior hits the centaur warrior.
The centaur warrior barely misses the centaur warrior.
The rakshasa hits your ice beast but does no damage.
Your ice beast hits the rakshasa but does no damage.
Unknown command.
The centaur warrior is engulfed in noxious fumes. x2
The centaur warrior appears confused.
The centaur warrior shoots an arrow.
The arrow hits you!
You die...

#.§......###.........
.'....c...#
#R........
##........#
#Yc.......
.(........#
##§#######
.########## #§§##
##§c# ##.# #.#
##@####### #........#
# #........#
..##........#
#...........#
####........#
#........# ####.#####
#.....#


You could see a rakshasa and 2 centaur warriors.

Vanquished Creatures
  A centaur warrior (D:10)
  A two-headed ogre (D:10)
  Pikel (D:5)
  A manticore (D:11)
  2 ugly things (D:10)
  An elephant (D:8)
  A troll (D:9)
  Sigmund (D:3)
  A vampire (D:11)
  The ghost of ggggg the Digger, an amateur GrEE (D:4)
  A wyvern (D:9)
  23 yaks
  A steam dragon (D:9)
  Eustachio (D:4)
  Edmund (D:5)
  2 acid dragons (D:9)
  Duvessa (D:5)
  4 orc warriors
  An ogre (D:4)
  4 black bears (D:8)
  2 sky beasts
  3 centaurs
  4 lemures (D:5)
  A phantom (D:6)
  3 kobold brigands
  5 bullfrogs
  5 scorpions
  10 wights
  2 gnoll sergeants
  Dowan (D:5)
  9 howler monkeys
  A hound (D:4)
  A gnoll bouda (D:10)
  7 orc priests
  2 jellies (D:5)
  Jessica (D:2)
  2 sleepcaps (D:6)
  9 orc wizards
  3 iguanas
  Ijyb (D:3)
  11 gnolls
  13 adders
  5 river rats
  A shadow imp (D:7)
  A white imp (D:8)
  2 ufetubi (D:6)
  3 dart slugs
  A ribbon worm (D:2)
  33 orcs
  7 endoplasms
  A giant cockroach (D:3)
  4 goblins
  A hobgoblin (D:2)
  13 kobolds
  A quokka (D:5)
  15 ball pythons
  2 bats (D:3)
  3 frilled lizards
  26 rats
265 creatures vanquished.

Vanquished Creatures (collateral kills)
  3 two-headed ogres
3 creatures vanquished.

Grand Total: 268 creatures vanquished

Notes
Turn   | Place    | Note
-------+----------+-------------------------------------------
     0 | D:1      | pokeman the Deep Elf Hedge Wizard began the quest for the
                  | Orb.
     0 | D:1      | Reached XP level 1. HP: 10/10 MP: 7/7
   907 | D:2      | Reached XP level 2. HP: 15/15 MP: 7/9
  1120 | D:2      | Noticed Jessica
  1131 | D:2      | Killed Jessica
  1132 | D:2      | Reached skill level 5 in Spellcasting
  1132 | D:2      | Reached XP level 3. HP: 7/20 MP: 0/11
  1234 | D:2      | Learned a level 3 spell: Mephitic Cloud
  1237 | D:2      | Learned a level 2 spell: Call Imp
  1240 | D:2      | Learned a level 2 spell: Blink
  1360 | D:2      | Reached skill level 1 in Fighting
  1360 | D:2      | Reached skill level 1 in Armour
  1592 | D:2      | Found a faded altar of an unknown god.
  1743 | D:3      | Found a white marble altar of Elyvilon.
  1799 | D:3      | Reached XP level 4. HP: 11/25 MP: 1/13
  1935 | D:3      | Found a glowing drain.
  2039 | Sewer    | Entered a sewer
  2264 | Sewer    | Reached skill level 6 in Spellcasting
  2270 | Sewer    | Reached XP level 5. HP: 18/29 MP: 1/15
  2760 | Sewer    | Reached skill level 1 in Air Magic
  2760 | Sewer    | Reached skill level 1 in Alchemy
  2760 | Sewer    | Reached skill level 1 in Evocations
  2761 | Sewer    | Reached XP level 6. HP: 15/34 MP: 11/17
  2765 | Sewer    | Reached skill level 7 in Spellcasting
  2770 | Sewer    | Learned a level 3 spell: Hailstorm
  2905 | D:3      | Noticed Sigmund
  2913 | D:3      | Killed Sigmund
  2914 | D:3      | Reached skill level 1 in Ice Magic
  2914 | D:3      | Reached XP level 7. HP: 15/39 MP: 13/20
  3315 | D:3      | Noticed Ijyb
  3321 | D:3      | Killed Ijyb
  3691 | D:4      | Reached skill level 8 in Spellcasting
  3762 | D:4      | Found a runed translucent door.
  3787 | D:4      | Found Ogicab's Antique Weapon Shoppe.
  3799 | D:4      | Found Hahikurr's General Store.
  3811 | D:4      | Bought a scroll of identify for 28 gold pieces
  3811 | D:4      | Bought a scroll of identify for 28 gold pieces
  3811 | D:4      | Bought a scroll of teleportation for 42 gold pieces
  3833 | D:4      | Noticed ggggg's ghost (amateur GrEE)
  3930 | D:4      | Found Boedu's Jewellery Shop.
  3940 | D:4      | Noticed Eustachio
  4101 | D:4      | Killed Eustachio
  4120 | D:4      | Identified the +12 falchion of Arbitration {venom, Will-
                  | Int+3}
  4174 | D:4      | Found Coahof's Antique Armour Shop.
  4257 | D:4      | Found Bidy's Book Boutique.
  4264 | D:4      | Reached XP level 8. HP: 41/44 MP: 20/22
  4397 | D:4      | Killed ggggg's ghost
  4398 | D:4      | Reached skill level 9 in Spellcasting
  4493 | D:5      | Entered Level 5 of the Dungeon
  4554 | D:5      | Noticed Duvessa
  4558 | D:5      | Noticed Dowan
  4580 | D:5      | Killed Dowan
  4716 | D:5      | Killed Duvessa
  4717 | D:5      | Reached skill level 5 in Conjurations
  4865 | D:5      | Noticed Pikel
  4878 | D:5      | Killed Pikel
  4879 | D:5      | Reached skill level 10 in Spellcasting
  5057 | D:5      | Identified the +0 pair of boots of Vexation {^Drain rF+
                  | Will+}
  5069 | D:5      | Found a basalt altar of Yredelemnul.
  5098 | D:5      | Noticed Edmund
  5103 | D:5      | Reached XP level 9. HP: 48/48 MP: 19/25
  5109 | D:5      | Killed Edmund
  5372 | D:5      | Found a staircase to the Ecumenical Temple.
  5382 | Temple   | Entered the Ecumenical Temple
  5388 | Temple   | Became a worshipper of Vehumet
  5614 | D:6      | Reached skill level 11 in Spellcasting
  5905 | D:6      | Reached skill level 5 in Ice Magic
  6515 | D:6      | Found Morreh's Antique Armour Boutique.
  6768 | D:7      | Reached * piety under Vehumet
  6768 | D:7      | Offered knowledge of Freeze by Vehumet.
  6772 | D:7      | Reached skill level 12 in Spellcasting
  7060 | D:7      | Identified the +2 dagger "Foteleha" {holy, rPois Int+5}
  7268 | D:7      | Found a hide-covered altar of Uskayaw.
  7365 | D:7      | Found Lanum's Distillery.
  7612 | D:7      | Bought a potion of curing for 39 gold pieces
  7612 | D:7      | Bought a potion of heal wounds for 65 gold pieces
  8039 | D:8      | Found a burning altar of Makhleb.
  8076 | D:8      | Reached XP level 10. HP: 56/56 MP: 19/28
  8132 | D:8      | Reached skill level 13 in Spellcasting
  8144 | D:8      | Reached ** piety under Vehumet
  8390 | D:8      | Offered knowledge of Sandblast by Vehumet.
  9028 | D:8      | Found a staircase to the Lair.
  9028 | D:8      | Noticed an elephant
  9034 | D:8      | Killed an elephant
  9035 | D:8      | Reached skill level 14 in Spellcasting
  9282 | D:9      | Reached skill level 5 in Fighting
  9412 | D:9      | Offered knowledge of Volatile Blastmotes by Vehumet.
  9496 | D:8      | Learned a level 3 spell: Summon Ice Beast
  9582 | D:9      | Noticed a two-headed ogre
  9594 | D:9      | Killed a two-headed ogre
  9595 | D:9      | Reached XP level 11. HP: 52/63 MP: 19/31
  9903 | D:9      | Reached skill level 1 in Shields
  9916 | D:9      | Reached *** piety under Vehumet
 10135 | D:10     | Entered Level 10 of the Dungeon
 10287 | D:10     | Reached skill level 15 in Spellcasting
 10318 | D:10     | Offered knowledge of Brom's Barrelling Boulder by Vehumet.
 10500 | D:10     | Noticed a centaur warrior
 10521 | D:10     | Noticed a brown ugly thing
 10521 | D:10     | Noticed a cyan ugly thing
 10528 | D:10     | Killed a cyan ugly thing
 10529 | D:10     | Killed a centaur warrior
 10533 | D:10     | Killed a red ugly thing
 11087 | D:10     | Noticed a two-headed ogre
 11093 | D:10     | Killed a two-headed ogre
 11380 | D:11     | Noticed a two-headed ogre
 11398 | D:11     | Killed a two-headed ogre
 11486 | D:11     | Reached skill level 16 in Spellcasting
 11618 | D:11     | Noticed a two-headed ogre
 11625 | D:11     | Killed a two-headed ogre
 11666 | D:11     | Noticed a rakshasa
 11669 | D:11     | Noticed a centaur warrior
 11686 | D:11     | Shot with an arrow by a centaur warrior

Illustrated notes

Levels and vault maps discovered:
D:1:      matt_arrival_spirals, layout_loops_cross
D:2:      layout_rooms, dreamdust_ecumenical_altar_angels_and_demons,
          hangedman_decor_riveting, uniq_jessica
D:3:      layout_basic, elyvilon_altar_3, portal_sewer_entry_b, uniq_ijyb,
          uniq_sigmund
D:4:      layout_cave_pools, serial_shops, shop, shop, shop,
          nicolae_shop_tiny_glass, nicolae_shop_statue_plus,
          hellmonk_ghost_happy_afterlife, minmay_misc_feat_enclosed,
          grunt_decor_fettered, uniq_eustachio
D:5:      layout_basic, old_standard_altar, minmay_temple_entry_glass,
          uniq_edmund, uniq_pikel, uniq_duvessa
D:6:      layout_gridville, serial_shops, nicolae_shop_behind_doors,
          minmay_strange_pillars
D:7:      layout_loops_corners, overflow_temple_1_default,
          nicolae_inconvenience_store
D:8:      layout_loops_corners, kennysheep_mini, grunt_lair_entry_orc_guard_hut
D:9:      layout_big_octagon
D:10:     nicolae_BIG_FREAKIN_CUBE, layout_basic, nrook_uturn, minmay_bent
D:11:     layout_roguey, grunt_decor_junction, minivault_28, uniq_sonja
Temple:   eino_narrow_crystal_temple

Skill      XL: |  1  2  3  4  5  6  7  8  9 10 11 |
---------------+----------------------------------+-----
Spellcasting   | 5 6 7 8 10 12 14 16 | 16.2
Fighting       | 1 2 3 5 |  5.0
Armour         | 1 3 |  3.1
Conjurations   | 2 3 4 5 7 8 9 |  9.5
Stealth        | 3 |  3.0
Dodging        | 3 |  3.0
Air Magic      | 1 |  1.0
Alchemy        | 1 |  1.1
Evocations     | 1 |  1.2
Ice Magic      | 1 2 4 6 7 8 |  8.9
Shields        | 3 |  3.2
Summonings     | |  1.1
Translocations | |  1.1

Action                     |  1- 3 |  4- 6 |  7- 9 | 10-12 || total
---------------------------+-------+-------+-------+-------++-------
  Melee: Dagger            |    15 |    35 |       |       ||    50
         Halberd           |       |       |    25 |       ||    25
         Falchion          |       |       |    83 |    90 ||   173
   Cast: Magic Dart        |    55 |    79 |    69 |    32 ||   235
         Mephitic Cloud    |     3 |     6 |    23 |    32 ||    64
         Hailstorm         |       |       |    57 |    87 ||   144
         Call Imp          |       |       |     2 |       ||     2
         Summon Ice Beast  |       |       |       |     5 ||     5
         Blink             |       |       |       |     2 ||     2
    Use: Scroll            |       |       |       |    12 ||    12
   Stab: Confused          |     2 |     6 |    13 |     6 ||    27
 Armour: Robe              |     3 |    18 |    51 |    25 ||    97
         Acid dragon scale |       |       |       |    33 ||    33
  Dodge: Dodged            |    13 |    30 |    67 |    50 ||   160
  Block: Other             |       |       |     8 |    20 ||    28
         Reflection        |       |       |       |     2 ||     2

Table legend: (Time is in decaauts)
 A = Elapsed time spent in this place.
 B = Non-inter-level travel time spent in this place.
 C = Inter-level travel time spent in this place.
 D = Time resting spent in this place.
 E = Time spent auto-exploring this place.
 F = Levels seen in this place.
 G = Mean time per level.
                   A        B        C        D        E       F      G
               +--------+--------+--------+--------+--------+-----+--------+
         Total |  11787 |  11547 |    240 |    517 |   9289 |  13 |  906.7 |
       Dungeon |  10919 |  10679 |    240 |    517 |   8571 |  11 |  992.6 |
        Temple |     12 |     12 |      0 |      0 |      0 |   1 |   12.0 |
         Sewer |    854 |    854 |      0 |      0 |    718 |   1 |  854.0 |
               +--------+--------+--------+--------+--------+-----+--------+

Top non-repeatable levels by time:
     D:8: 1537 daAuts
     D:7: 1211 daAuts
    D:10: 1183 daAuts
     D:3: 1182 daAuts
     D:6: 1138 daAuts
     D:5: 985 daAuts
     D:4: 921 daAuts
     D:1: 904 daAuts
   Sewer: 854 daAuts
     D:2: 780 daAuts
     D:9: 695 daAuts
    D:11: 378 daAuts
  Temple: 12 daAuts
